 Dungeon Crawl Stone Soup version 0.28-a0-804-g60983d4ba9 (webtiles) character file.

Game seed: 15176556576585108665

4 cheechan the Ducker (level 1, 0/10 HPs)
             Began as a Felid Chaos Knight on Nov 8, 2021.
             Was a Plaything of Xom.
             Succumbed to a kobold's poison
             ... on level 1 of the Dungeon.
             The game lasted 00:01:06 (235 turns).

cheechan the Ducker (Felid Chaos Knight)             Turns: 235, Time: 00:01:06

Health: 0/10       AC:  1    Str:  8    XL:     1   Next: 50%
Magic:  2/2        EV: 17    Int: 13    God:    Xom [..*...]
Gold:   21         SH:  0    Dex: 15    Spells: 0/0 levels left
                                        Lives:  0   Deaths: 0

rFire   . . .      SeeInvis +     - Unarmed
rCold   . . .      Faith    .   (shield unavailable)
rNeg    . . .      Spirit   .   (armour unavailable)
rPois   .          Reflect  .   (helmet unavailable)
rElec   .          Harm     .   (cloak unavailable)
rCorr   .          Rampage  .   (gloves unavailable)
Will    .....                   (boots unavailable)
Stlth   +.........              (no amulet)
HPRegen 0.03/turn               (no ring)
MPRegen 0.08/turn               (no ring)

@: lethally poisoned (0 -> -5), quick
A: very small, claws 1, fangs 3, see invisible, speed 1, shaggy fur 1, stealthy
paws, no weapons or thrown items, no armour, multi-lived
a: Renounce Religion


You were on level 1 of the Dungeon.
You worshipped Xom.
You were a toy of Xom.
You visited 1 branch of the dungeon, and saw 1 of its levels.

You collected 21 gold pieces.

Inventory:

Scrolls
 b - a scroll of blinking


   Skills:
 + Level 3.1 Fighting
 * Level 3.3 Dodging
 * Level 0.3 Stealth
 + Level 3.0 Unarmed Combat


You couldn't memorise any spells.
You didn't know any spells.
Your spell library was empty.

Dungeon Overview and Level Annotations

Branches:
Dungeon (1/15)

Altars:


Innate Abilities, Weirdness & Mutations

You have sharp claws.
You have razor-sharp teeth.
You have supernaturally acute eyesight. (SInv)
You cover ground quickly. (Speed+)
You are covered in fur. (AC +1)
Your paws help you pounce on unaware monsters.
You are incapable of wielding weapons or throwing items.
You cannot wear armour.
You gain extra lives every three experience levels.


Message History

The endoplasm misses you.
You scratch the endoplasm.
You kill the endoplasm!
As you read the scroll of identify, it crumbles to dust.
a - a potion of heal wounds
Found a stone staircase leading down.
There is a stone staircase leading down here.
Found 8 gold pieces.
You now have 21 gold pieces (gained 8).
Okay, then.
A kobold comes into view. It is wielding a +0 whip of venom.
The kobold shouts!
The kobold hits you with a +0 whip of venom.
You are lethally poisoned!
You scratch the kobold.
The kobold is severely wounded.
You feel sick. The kobold misses you.
You miss the kobold.
The kobold is severely wounded.
You feel sick.
You scratch the kobold but do no damage.
The kobold is severely wounded.
* * * LOW HITPOINT WARNING * * *
You feel sick. The kobold closely misses you.
You feel much better.
You feel sick.
The kobold hits you with a +0 whip of venom.
You are lethally poisoned!
You claw the kobold!
You kill the kobold!
You feel sick.
You feel sick.
You see here a +0 whip of venom.
* * * LOW HITPOINT WARNING * * *
You feel sick.
* * * LOW HITPOINT WARNING * * *
You feel sick.
* * * LOW HITPOINT WARNING * * *
You feel sick.
You die...
Xom titters!

#..#.......# #.#
###########..........# #..
...................).#####
###
.###########.............#
.# #.#.......#.#.# >#
#.#.......#.#.### .#
#.#.......#.....# # .#
#.#########.....#.# .#
#....@............# .#
########........### .#
#.##.....# .##############
##.#....###
..............#
#....#.......
#############.#
#..#....##### #.#
#..##....... #.# #..#
.#.#### #.# #..# .#.#


There were no monsters in sight!

Vanquished Creatures
  2 endoplasms (D:1)
  A goblin (D:1)
  A kobold (D:1)
  A toadstool (D:1)
5 creatures vanquished.

Notes
Turn   | Place    | Note
-------+----------+-------------------------------------------
     0 | D:1      | cheechan the Felid Chaos Knight began the quest for the
                  | Orb.
     0 | D:1      | Reached XP level 1. HP: 10/10 MP: 2/2
   235 | D:1      | Succumbed to a kobold's poison

Illustrated notes

Levels and vault maps discovered:
D:1:      ldierk_water_garden, layout_loops_ring

Action                   || total
-------------------------++-------
Melee: Unarmed           ||    13
       Bite              ||     1
  Use: Scroll            ||     2
       Potion            ||     1
Dodge: Dodged            ||     5

Table legend: (Time is in decaauts)
 A = Elapsed time spent in this place.
 B = Non-inter-level travel time spent in this place.
 C = Inter-level travel time spent in this place.
 D = Time resting spent in this place.
 E = Time spent auto-exploring this place.
 F = Levels seen in this place.
 G = Mean time per level.
                   A        B        C        D        E       F      G
               +--------+--------+--------+--------+--------+-----+--------+
         Total |    191 |    191 |      0 |      0 |      0 |   1 |  191.0 |
       Dungeon |    191 |    191 |      0 |      0 |      0 |   1 |  191.0 |
               +--------+--------+--------+--------+--------+-----+--------+

Top non-repeatable levels by time:
     D:1: 191 daAuts
